 Dungeon Crawl Stone Soup version 0.28-a0-1199-gef9e1dbd39 (webtiles) character file.

Game seed: 13033776436213187198

100 SmokeWeed the Covered (level 5, 0/41 HPs)
             Began as a Human Fighter on Dec 20, 2021.
             Slain by a phantom (3 damage)
             ... on level 3 of the Dungeon.
             The game lasted 00:05:08 (2183 turns).

SmokeWeed the Covered (Human Fighter)               Turns: 2183, Time: 00:05:09

Health: 0/41       AC: 10    Str: 16    XL:     5   Next: 3%
Magic:  5/5        EV:  6    Int: 10    God:
Gold:   99         SH:  5    Dex: 13    Spells: 5/5 levels left

rFire   . . .      SeeInvis .   a - +0 long sword
rCold   . . .      Faith    .   c - +0 buckler
rNeg    . . .      Spirit   .   j - +0 chain mail
rPois   .          Reflect  .   (no helmet)
rElec   .          Harm     .   (no cloak)
rCorr   .          Rampage  .   n - +0 pair of gloves
Will    .....                   (no boots)
Stlth   ..........              f - amulet of magic regeneration
HPRegen 0.13/turn               (no ring)
MPRegen 0.49/turn               (no ring)

@: mighty
A: no striking features
a: no special abilities


You were on level 3 of the Dungeon.
You visited 1 branch of the dungeon, and saw 3 of its levels.

You collected 99 gold pieces.

Inventory:

Hand Weapons
 a - a +0 long sword (weapon)
Armour
 b - a +0 scale mail
 c - a +0 buckler (worn)
 j - a +0 chain mail (worn)
 n - a +0 pair of gloves (worn)
Jewellery
 f - an amulet of magic regeneration (around neck)
Scrolls
 h - a scroll of identify
 k - a scroll of fear
Potions
 g - a potion of brilliance
 i - a potion of curing {unknown}
 l - a potion of cancellation {unknown}
 m - a potion of lignification {unknown}


   Skills:
 + Level 3.2 Fighting
 + Level 3.2 Long Blades
 + Level 3.7 Armour
 + Level 0.4 Dodging
 + Level 3.4 Shields
 * Level 0.6 Spellcasting


You had 5 spell levels left.
You didn't know any spells.
Your spell library contained the following spells:

 Spells                   Type           Power      Damage    Failure   Level
 Freeze                   Ice            0%         1d3       100%        1
 Slow                     Hex            0%         N/A       100%        1
 Passwall                 Tmut/Erth      0%         N/A       100%        2
 Confusing Touch          Hex            0%         N/A       100%        3
 Frozen Ramparts          Ice            0%         1d2       100%        3
 Swiftness                Air            0%         N/A       100%        3
 Hailstorm                Conj/Ice       0%         3d3       100%        4
 Yara's Violent Unravell  Hex/Tmut       0%         3d3       100%        5


Dungeon Overview and Level Annotations

Branches:
Dungeon (3/15)

Altars:

Shops:
D:1 [

Annotations:
D:3 Robin


Message History

You miss the goblin.
The goblin hits you but does no damage. x2
You closely miss the goblin. You block the goblin's attack.
The goblin hits you with a +0 club. The goblin closely misses you.
You closely miss the goblin. The goblin hits you with a +0 club.
The goblin barely misses you. The goblin hits you with a +0 club.
* * * LOW HITPOINT WARNING * * *
You closely miss the goblin.
The goblin hits you but does no damage. x2
Your chain mail prevents you from hitting the goblin.
The goblin barely misses you. You block the goblin's attack.
You completely miss the goblin.
The goblin no longer looks unusually strong.
The goblin barely misses you. x2
Robin roars a battlecry!
The goblin goes into a battle-frenzy!
You block the goblin's attack.
You closely miss the goblin.
The goblin no longer looks unusually strong.
The goblin hits you but does no damage. x2
As you read the scroll of teleportation, it crumbles to dust.
You feel strangely unstable.
The goblin no longer looks unusually strong.
The goblin hits you with a +0 club.
* * * LOW HITPOINT WARNING * * *
Robin roars a battlecry!
The goblins go into a battle-frenzy!
The goblin hits you but does no damage.
You barely miss the goblin.
The goblin no longer looks unusually strong. x2
The goblin hits you but does no damage. The goblin hits you with a +0 club.
* * * LOW HITPOINT WARNING * * *
The goblin hits you but does no damage.
You closely miss the goblin. The goblin hits you with a +0 club.
* * * LOW HITPOINT WARNING * * *
The goblin barely misses you.
You closely miss the goblin.
Your surroundings suddenly seem different.
An endoplasm and a phantom come into view.
Found a runed helmet and a scroll labelled QYTRITZ VAUSH.
The phantom hits you.
You die...

.. # .# #. .#
.##.####.## .....?#...##
#
...........#..##########
......................##
#......@W......######...
#J....#........ #...
[.... ...###... ##...
##.. ##### . ###..## #.
#....#. # #.##.#.
#.##.#. #.#.†#.
#.####.#..#.


You could see a phantom and an endoplasm.

Vanquished Creatures
  A bullfrog zombie (D:3)
  An adder (D:2)
  A worm (D:2)
  An orc (D:3)
  4 ball pythons
  4 bats
  3 endoplasms
  6 giant cockroaches
  9 goblins
  6 hobgoblins
  4 jackals (D:1)
  3 kobolds
  2 frilled lizards
  3 rats
48 creatures vanquished.

Notes
Turn   | Place    | Note
-------+----------+-------------------------------------------
     0 | D:1      | SmokeWeed the Human Fighter began the quest for the Orb.
     0 | D:1      | Reached XP level 1. HP: 18/18 MP: 1/1
   242 | D:1      | Reached XP level 2. HP: 19/24 MP: 2/2
   367 | D:1      | Found Riotzohi's Armour Boutique.
   540 | D:1      | Reached XP level 3. HP: 27/29 MP: 3/3
  1386 | D:2      | Reached XP level 4. HP: 35/35 MP: 4/4
  2162 | D:3      | Noticed Robin
  2164 | D:3      | Reached XP level 5. HP: 41/41 MP: 5/5
  2183 | D:3      | Noticed a phantom
  2183 | D:3      | Slain by a phantom

Illustrated notes

Levels and vault maps discovered:
D:1:      dpeg_arrival_chambers_temple_mockup, layout_basic, serial_shops,
          nicolae_shop_advertising_works [nicolae_subvault_shop_adworks],
          minmay_worlds_worst_comb
D:2:      layout_rooms
D:3:      layout_loops_ring, mainiacjoe_overflow_brackets,
          hellmonk_ecumenical_altar_inner_sanctum, minmay_misc_feat_pillars,
          uniq_robin

Skill      XL: |  1  2  3  4 |
---------------+-------------+-----
Long Blades    | 3 |  3.2
Fighting       | |  3.2
Armour         | |  3.7
Dodging        | |  0.4
Shields        | |  3.4
Spellcasting   | |  0.6

Action                   |  1- 3 |  4- 6 || total
-------------------------+-------+-------++-------
Melee: Long sword        |   128 |    63 ||   191
Throw: Stone             |       |     6 ||     6
  Use: Scroll            |     3 |     1 ||     4
       Potion            |       |     1 ||     1
Armor: Scale mail        |    65 |       ||    65
       Chain mail        |    17 |    40 ||    57
Dodge: Dodged            |    87 |    32 ||   119
Block: Buckler           |    37 |    18 ||    55

Table legend: (Time is in decaauts)
 A = Elapsed time spent in this place.
 B = Non-inter-level travel time spent in this place.
 C = Inter-level travel time spent in this place.
 D = Time resting spent in this place.
 E = Time spent auto-exploring this place.
 F = Levels seen in this place.
 G = Mean time per level.
                   A        B        C        D        E       F      G
               +--------+--------+--------+--------+--------+-----+--------+
         Total |   2238 |   2016 |    222 |      0 |   1569 |   3 |  746.0 |
       Dungeon |   2238 |   2016 |    222 |      0 |   1569 |   3 |  746.0 |
               +--------+--------+--------+--------+--------+-----+--------+

Top non-repeatable levels by time:
     D:1: 1230 daAuts
     D:2: 517 daAuts
     D:3: 490 daAuts
